 Dungeon Crawl Stone Soup version 0.27-a0-1006-g1fd4cec11e (webtiles) character file.

Game seed: 367936086165737149

63 pkoi the Poker (level 3, -1/29 (30) HPs)
             Began as a Minotaur Gladiator on Apr 18, 2021.
             Slain by a wight
             ... wielding a +4 spear
              (8 damage)
             ... on level 4 of the Dungeon.
             The game lasted 00:01:46 (2534 turns).

pkoi the Poker (Minotaur Gladiator)                 Turns: 2534, Time: 00:01:48

HP:   -1/29 (30)    AC:  4    Str: 19    XL:     3   Next: 87%
MP:   2/2           EV: 12    Int:  5    God:
Gold: 113           SH:  0    Dex: 11    Spells: 2/2 levels left

rFire    . . .     SeeInvis .   a - +0 trident
rCold    . . .     Faith    .   (no shield)
rNeg     . . .     Spirit   .   b - +0 leather armour
rPois    .         Reflect  .   c - +0 hat
rElec    .         Harm     .   (no cloak)
rCorr    .         Rampage  .   (no gloves)
Will     .....                  r - +0 pair of boots
Stlth    +.........             (no amulet)
HPRegen  0.09/turn              (no ring)
MPRegen  0.08/turn              (no ring)

@: lightly drained
A: horns 2, retaliatory headbutt
a: no special abilities


You were on level 4 of the Dungeon.
You visited 1 branch of the dungeon, and saw 4 of its levels.

You collected 113 gold pieces.

Inventory:

Hand Weapons
 a - a +0 trident (weapon)
Missiles
 d - 3 throwing nets (quivered)
 i - 10 poisoned darts
Armour
 b - a +0 leather armour (worn)
 c - a +0 hat (worn)
 r - a +0 pair of boots (worn)
Wands
 o - a wand of charming (6)
 p - a wand of acid (6)
Scrolls
 g - 4 scrolls of identify {unknown}
 m - a scroll of acquirement {unknown}
 n - a scroll of enchant weapon {unknown}
 q - a scroll of enchant armour {unknown}
Potions
 e - 2 potions of flight {unknown}
 f - a potion of cancellation {unknown}
 h - a potion of magic {unknown}
 j - 3 potions of heal wounds {unknown}
 k - a potion of degeneration {unknown}
 l - a potion of might {unknown}


   Skills:
 - Level 2.4 Fighting
 + Level 5.9 Polearms
 - Level 2.0 Throwing
 - Level 3.2 Dodging


You had 2 spell levels left.
You didn't know any spells.
Your spell library was empty.

Dungeon Overview and Level Annotations

Branches:
Dungeon (4/15)
 Temple: D:4-7

Altars:
Ashenzari
Dithmenos
Gozag

Annotations:
D:3 Grinder, Natasha
D:4 Edmund


Innate Abilities, Weirdness & Mutations

You have a pair of horns on your head.
You reflexively headbutt those who attack you in melee.


Message History

r - a +0 pair of boots You start putting on your armour.
You continue putting on your +0 pair of boots. x4
You finish putting on your +0 pair of boots.
There is an escape hatch in the ceiling here.
You open the door.
Found an opulent altar of Gozag and a broken altar of Ashenzari.
There is an open door here.
There is an open door here.
You now have 113 gold pieces (gained 14).
A giant cockroach comes into view.
A giant cockroach is nearby!
A giant cockroach is nearby!
A wight comes into view. It is wielding a +0 mace.
You hit the giant cockroach.
You kill the giant cockroach!
A necrophage, 2 wights and Edmund come into view.
Edmund is wielding a +2 dire flail of protection.
A wight is wielding a +4 spear and wearing a +1 robe of positive energy.
You reach to attack!
You hit the wight.
The wight is lightly damaged.
You closely miss the wight.
The wight is lightly damaged.
The wight hits you with a +0 mace!
You hit the wight.
The wight is lightly damaged.
The wight misses you.
You hit the wight. You headbutt the wight.
The wight is heavily damaged.
The wight barely misses you.
You barely miss the wight.
The wight is heavily damaged.
The wight closely misses you.
You hit the wight but do no damage.
The wight is heavily damaged.
The wight hits you with a +0 mace!
* * * LOW HITPOINT WARNING * * *
You feel drained.
* * * LOW HITPOINT WARNING * * *
The wight hits you from afar with a +4 spear!
You die...

#..## #..#...
#...####.####.
#...##..# ## ##......##
# ##........##
#..........##
#............#
####............#
#@..............#
.....nz###............#
.....z@ ##..........##
....... #..........#
....... #...........
....... #.........##
....... ....... .......
....


You could see Edmund, a necrophage and 2 wights.

Vanquished Creatures
  Robin (D:2)
  An adder (D:4)
  A ball python (D:1)
  2 endoplasms
  3 giant cockroaches
  8 goblins
  6 hobgoblins
  4 quokkas
  A bat (D:2)
  A frilled lizard (D:2)
  4 kobolds
  5 rats
37 creatures vanquished.

Notes
Turn   | Place    | Note
-------+----------+-------------------------------------------
     0 | D:1      | pkoi the Minotaur Gladiator began the quest for the Orb.
     0 | D:1      | Reached XP level 1. HP: 18/18 MP: 0/0
   243 | D:1      | Found a faded altar of an unknown god.
   274 | D:1      | Reached skill level 4 in Polearms
   381 | D:1      | Reached XP level 2. HP: 25/25 MP: 1/1
  1072 | D:2      | Noticed Robin
  1085 | D:2      | Reached skill level 5 in Polearms
  1301 | D:2      | Killed Robin
  1302 | D:2      | Reached XP level 3. HP: 7/30 MP: 2/2
  2259 | D:3      | Noticed Grinder
  2259 | D:3      | Paralysed by Grinder for 2 turns
  2284 | D:3      | Noticed Natasha
  2360 | D:4      | Found a shadowy altar of Dithmenos.
  2473 | D:4      | Found an opulent altar of Gozag.
  2473 | D:4      | Found a broken altar of Ashenzari.
  2528 | D:4      | Noticed Edmund
  2528 | D:4      | Noticed a necrophage
  2534 | D:4      | Slain by a wight

Illustrated notes

Levels and vault maps discovered:
D:1:      psy_arrival_radial02, layout_loops_ring,
          chequers_ecumenical_altar_grove
D:2:      layout_basic, uniq_robin
D:3:      minmay_bubble_buster, layout_basic, lemuel_doored_altar, serial_shops,
          shop, uniq_natasha, uniq_grinder, uniq_ijyb
D:4:      minmay_goblin_kobold_castle, layout_cave_pods,
          nicolae_dithmenos_shadow_blocks, gammafunk_temple_overflow_elements,
          kennysheep_generic_room_8, uniq_eustachio, uniq_edmund

Skill      XL: |  1  2 |
---------------+-------+-----
Polearms       | 4 5 |  5.9
Fighting       | |  2.4
Throwing       | |  2.0
Dodging        | |  3.2

Action                   || total
-------------------------++-------
Melee: Trident           ||    86
       Headbutt          ||    13
Armor: Leather armour    ||     7
Dodge: Dodged            ||    31

Table legend: (Time is in decaauts)
 A = Elapsed time spent in this place.
 B = Non-inter-level travel time spent in this place.
 C = Inter-level travel time spent in this place.
 D = Time resting spent in this place.
 E = Time spent auto-exploring this place.
 F = Levels seen in this place.
 G = Mean time per level.
                   A        B        C        D        E       F      G
               +--------+--------+--------+--------+--------+-----+--------+
         Total |   2541 |   2467 |     74 |    392 |   1816 |   4 |  635.2 |
       Dungeon |   2541 |   2467 |     74 |    392 |   1816 |   4 |  635.2 |
               +--------+--------+--------+--------+--------+-----+--------+

Top non-repeatable levels by time:
     D:2: 1161 daAuts
     D:1: 1122 daAuts
     D:4: 240 daAuts
     D:3: 16 daAuts
